[Event "35th European Club Cup 2019"]
[Site "Ulcinj"]
[Date "2019.11.15"]
[Round "6.7"]
[White "Subelj, Jan"]
[Black "Hammer, Jon Ludvig"]
[Result "0-1"]
[ECO "C42"]
[WhiteElo "2398"]
[BlackElo "2625"]
[Annotator "ChessBase"]
[PlyCount "96"]
[EventDate "2019.11.10"]
[EventType "team-tourn"]
[EventCountry "MNE"]
[SourceTitle "playchess.com"]
[Source "ChessBase"]
[SourceQuality "1"]
[WhiteTeam "Maribor"]
[BlackTeam "Koge SK"]
[TimeControl "40/5400+30:1800+30"]

1. e4 e5 2. Nf3 Nf6 3. Nxe5 d6 4. Nf3 Nxe4 5. c4 Be7 6. Nc3 Bf5 7. Be2 O-O 8. O-O Re8 9. d4 Nxc3 10. bxc3 c5 11. d5 Qa5 12. Bd3 Bg4 13. Qc2 Bxf3 14. gxf3 g6 15. Bf4 Nd7 16. Rae1 Ne5 17. Bxe5 dxe5 18. Rxe5 Bd6 19. Re4 Qd8 20. Qd2 Qf6 21. Rfe1 Re5 22. Rxe5 Bxe5 23. Re4 Bd6 24. f4 Kg7 25. Bf1 a5 26. Bh3 a4 27. Kg2 a3 28. Qe3 Ra6 29. Bd7 Rb6 30. Bb5 Qf5 31. f3 Bf8 32. Re8 Rf6 33. Qe4 Bd6 34. Qxf5 gxf5 35. Ra8 Rg6+ 36. Kf1 Bxf4 37. Rxa3 Bxh2 38. Ra7 b6 39. Bd7 Kf6 40. Be8 Rg7 41. Rb7 h5 42. Rxb6+ Ke7 43. Ba4 Rg1+ 44. Kf2 Ra1 45. Bb3 Bf4 46. Rb7+ Kf8 47. Rb6 h4 48. Kg2 Rb1 0-1

[Event "35th European Club Cup 2019"]
[Site "Ulcinj"]
[Date "2019.11.15"]
[Round "6.8"]
[White "Banusz, Tamas"]
[Black "Bratkovic, Jakob"]
[Result "1-0"]
[ECO "A14"]
[WhiteElo "2620"]
[BlackElo "2308"]
[Annotator "ChessBase"]
[PlyCount "105"]
[EventDate "2019.11.10"]
[EventType "team-tourn"]
[EventCountry "MNE"]
[SourceTitle "playchess.com"]
[Source "ChessBase"]
[SourceQuality "1"]
[WhiteTeam "Koge SK"]
[BlackTeam "Maribor"]
[TimeControl "40/5400+30:1800+30"]

1. Nf3 d5 2. g3 Nf6 3. Bg2 e6 4. c4 Be7 5. O-O O-O 6. b3 c5 7. cxd5 Nxd5 8. Bb2 Nc6 9. d4 Nxd4 10. Nxd4 Bf6 11. Na3 cxd4 12. Bxd4 Qe7 13. Bxf6 Nxf6 14. Nc4 Rd8 15. Qc1 Qc7 16. Qf4 Qxf4 17. gxf4 Rb8 18. Na5 Kf8 19. Rfd1 Rxd1+ 20. Rxd1 Ke7 21. Rd4 Nd7 22. Rb4 Nb6 23. Rd4 Nd7 24. Kf1 Nc5 25. b4 Na6 26. a4 Nc7 27. b5 Ne8 28. e4 Bd7 29. e5 b6 30. Bc6 Bc8 31. Bxe8 bxa5 32. Bc6 Rb6 33. Ke2 a6 34. Kd2 g6 35. Kd3 axb5 36. axb5 Ba6 37. Rd7+ Ke8 38. bxa6 Rxc6 39. a7 Kxd7 40. a8=Q Rc8 41. Qxa5 Ke8 42. Qb4 Rd8+ 43. Ke3 Rd1 44. Qa4+ Rd7 45. Kf3 Ke7 46. Kg4 h6 47. h4 Rd3 48. Qb4+ Ke8 49. Qb5+ Rd7 50. h5 Ke7 51. Qc5+ Ke8 52. hxg6 fxg6 53. Qc8+ 1-0

[Event "35th European Club Cup 2019"]
[Site "Ulcinj"]
[Date "2019.11.15"]
[Round "6.8"]
[White "Renet, Olivier"]
[Black "Tomic, Aleksandar"]
[Result "1-0"]
[ECO "A79"]
[WhiteElo "2475"]
[BlackElo "2364"]
[Annotator "ChessBase"]
[PlyCount "99"]
[EventDate "2019.11.10"]
[EventType "team-tourn"]
[EventCountry "MNE"]
[SourceTitle "playchess.com"]
[Source "ChessBase"]
[SourceQuality "1"]
[WhiteTeam "Riehen SG"]
[BlackTeam "Crnogorac"]
[TimeControl "40/5400+30:1800+30"]

1. d4 Nf6 2. c4 e6 3. Nc3 c5 4. d5 exd5 5. cxd5 d6 6. Nf3 g6 7. Nd2 Bg7 8. e4 O-O 9. Be2 Re8 10. O-O Na6 11. f3 Nc7 12. a4 b6 13. Kh1 Rb8 14. Nc4 Ba6 15. Bg5 Qd7 16. Qd2 Bxc4 17. Bxc4 a6 18. Be2 Rb7 19. Rab1 b5 20. b4 c4 21. a5 Qe7 22. Rbe1 Qf8 23. Bd1 Nd7 24. Bc2 Rbb8 25. f4 Bh6 26. Bxh6 Qxh6 27. Rf3 Qg7 28. Rfe3 Qh6 29. Qf2 Nf6 30. Bd1 Rbd8 31. g3 Qh3 32. Qg2 Qd7 33. g4 Qe7 34. g5 Nd7 35. Qg3 Rf8 36. Bg4 Nb8 37. h4 f6 38. Ne2 fxg5 39. hxg5 Qg7 40. Nc3 Qe7 41. Rd1 Qf7 42. Rf3 Qe7 43. Qh3 Kh8 44. Rd2 Rf7 45. Be6 Rg7 46. Rg2 Nd7 47. f5 Qe8 48. Rf4 Ne5 49. Rh4 Qf8 50. f6 1-0

[Event "35th European Club Cup 2019"]
[Site "Ulcinj"]
[Date "2019.11.15"]
[Round "6.8"]
[White "Gretarsson, Helgi Ass"]
[Black "Perunovic, Milos"]
[Result "0-1"]
[ECO "E32"]
[WhiteElo "2415"]
[BlackElo "2578"]
[Annotator "ChessBase"]
[PlyCount "78"]
[EventDate "2019.11.10"]
[EventType "team-tourn"]
[EventCountry "MNE"]
[SourceTitle "playchess.com"]
[Source "ChessBase"]
[SourceQuality "1"]
[WhiteTeam "Reykjavik CC"]
[BlackTeam "Sloven Ruma"]
[TimeControl "40/5400+30:1800+30"]

1. d4 Nf6 2. c4 e6 3. Nc3 Bb4 4. Qc2 b6 5. e4 c5 6. d5 Qe7 7. Nge2 exd5 8. exd5 O-O 9. Bd2 d6 10. f3 Nbd7 11. O-O-O a6 12. Ng3 Qd8 13. Bf4 Ne5 14. Nce4 Nxe4 15. Nxe4 Re8 16. g4 b5 17. a3 Ba5 18. Bxe5 Rxe5 19. cxb5 axb5 20. Bxb5 Rb8 21. Qc4 f5 22. gxf5 Bxf5 23. Rhg1 Qh4 24. Qa4 Bd8 25. Kb1 Bf6 26. Rge1 Qxh2 27. Re2 Qh3 28. Ka2 Bxe4 29. fxe4 Re7 30. Qc4 Be5 31. a4 h5 32. Rd3 Qf1 33. Qc2 Rf7 34. Ra3 h4 35. Rg2 Qh1 36. Rg5 Bd4 37. Qg2 Rf2 38. Qxh1 Rxb2+ 39. Ka1 R2xb5+ 0-1

[Event "35th European Club Cup 2019"]
[Site "Ulcinj"]
[Date "2019.11.15"]
[Round "6.9"]
[White "Kosic, Dragan"]
[Black "Ezat, Mohamed"]
[Result "1/2-1/2"]
[ECO "A48"]
[WhiteElo "2477"]
[BlackElo "2452"]
[Annotator "ChessBase"]
[PlyCount "62"]
[EventDate "2019.11.10"]
[EventType "team-tourn"]
[EventCountry "MNE"]
[SourceTitle "playchess.com"]
[Source "ChessBase"]
[SourceQuality "1"]
[WhiteTeam "Sloven Ruma"]
[BlackTeam "Reykjavik CC"]
[TimeControl "40/5400+30:1800+30"]

1. d4 Nf6 2. Nf3 g6 3. Bg5 Bg7 4. Nbd2 c5 5. e3 cxd4 6. exd4 d5 7. Bd3 Nc6 8. c3 h6 9. Bh4 Nh5 10. O-O O-O 11. Re1 Qd6 12. Bg3 Nxg3 13. hxg3 e5 14. dxe5 Nxe5 15. Nxe5 Bxe5 16. Nf3 Bg7 17. Bc4 Be6 18. Bb3 a5 19. Nd4 Bd7 20. a4 Qc5 21. Qd2 Rfe8 22. Rad1 Bc6 23. Nb5 Rxe1+ 24. Rxe1 Rd8 25. Qd3 Bf6 26. Rd1 Kg7 27. Nd4 Re8 28. Kf1 h5 29. Re1 Rxe1+ 30. Kxe1 Bxd4 31. Qxd4+ Qxd4 1/2-1/2

[Event "35th European Club Cup 2019"]
[Site "Ulcinj"]
[Date "2019.11.15"]
[Round "6.9"]
[White "Mikhalchishin, Adrian"]
[Black "Papp, Gabor"]
[Result "0-1"]
[ECO "D51"]
[WhiteElo "2467"]
[BlackElo "2589"]
[Annotator "ChessBase"]
[PlyCount "98"]
[EventDate "2019.11.10"]
[EventType "team-tourn"]
[EventCountry "MNE"]
[SourceTitle "playchess.com"]
[Source "ChessBase"]
[SourceQuality "1"]
[WhiteTeam "Maribor"]
[BlackTeam "Koge SK"]
[TimeControl "40/5400+30:1800+30"]

1. d4 Nf6 2. c4 e6 3. Nf3 d5 4. Nc3 Nbd7 5. Bg5 h6 6. Bh4 c6 7. e3 g5 8. Bg3 Nh5 9. Qc2 Nxg3 10. hxg3 Bg7 11. O-O-O Qe7 12. Kb1 Nb6 13. Ne5 dxc4 14. f4 Bd7 15. Ne4 Nd5 16. Qf2 gxf4 17. gxf4 c3 18. Nxc3 Nxc3+ 19. bxc3 O-O-O 20. Qb2 Be8 21. Qb4 Qxb4+ 22. cxb4 f6 23. Nf3 e5 24. Bc4 Bg6+ 25. Kb2 exf4 26. Be6+ Kc7 27. exf4 Be4 28. f5 Bf8 29. a3 a5 30. bxa5 Ra8 31. Nd2 Bxg2 32. Rhg1 Bd5 33. Bxd5 cxd5 34. Rc1+ Kd7 35. Nb3 Rc8 36. Rcf1 Re8 37. Rf2 h5 38. Rg6 h4 39. Nc5+ Kc8 40. Rc2 Bxc5 41. Rxc5+ Kb8 42. Rxf6 h3 43. Rc1 h2 44. Rh1 Rh3 45. Rb6 Re2+ 46. Kb1 Rg3 47. Rg6 Rge3 48. Re6 Rxe6 49. fxe6 Kc7 0-1

[Event "35th European Club Cup 2019"]
[Site "Ulcinj"]
[Date "2019.11.15"]
[Round "6.9"]
[White "Pobor, Danilo"]
[Black "Cvitan, Ognjen"]
[Result "0-1"]
[ECO "D02"]
[WhiteElo "2041"]
[BlackElo "2490"]
[Annotator "ChessBase"]
[PlyCount "68"]
[EventDate "2019.11.10"]
[EventType "team-tourn"]
[EventCountry "MNE"]
[SourceTitle "playchess.com"]
[Source "ChessBase"]
[SourceQuality "1"]
[WhiteTeam "Crnogorac"]
[BlackTeam "Riehen SG"]
[TimeControl "40/5400+30:1800+30"]

1. d4 Nf6 2. Nf3 d5 3. Bf4 c5 4. e3 Nc6 5. c3 Qb6 6. Qb3 c4 7. Qxb6 axb6 8. Na3 Ra5 9. Nd2 Bf5 10. Bc7 e6 11. Naxc4 dxc4 12. Nxc4 Ra7 13. Bxb6 Ra8 14. f3 Be7 15. Bc7 O-O 16. e4 Bg6 17. Nb6 Ra7 18. Bf4 Bd8 19. Nc4 b5 20. Na3 b4 21. Nb5 Rd7 22. Be3 bxc3 23. bxc3 Ba5 24. Kf2 Rc8 25. Be2 Bxe4 26. fxe4 Nxe4+ 27. Kf3 Nxc3 28. a4 e5 29. d5 Rxd5 30. Bc4 Rdd8 31. Rhc1 e4+ 32. Kf4 Ne7 33. Nxc3 Rxc4 34. Ne2 Nd5+ 0-1

[Event "35th European Club Cup 2019"]
[Site "Ulcinj"]
[Date "2019.11.15"]
[Round "6.10"]
[White "Sengupta, Deep"]
[Black "Mohr, Georg"]
[Result "1-0"]
[ECO "C03"]
[WhiteElo "2557"]
[BlackElo "2437"]
[Annotator "ChessBase"]
[PlyCount "63"]
[EventDate "2019.11.10"]
[EventType "team-tourn"]
[EventCountry "MNE"]
[SourceTitle "playchess.com"]
[Source "ChessBase"]
[SourceQuality "1"]
[WhiteTeam "Koge SK"]
[BlackTeam "Maribor"]
[TimeControl "40/5400+30:1800+30"]

1. e4 e6 2. d4 d5 3. Nd2 Ne7 4. Ngf3 g6 5. h4 h6 6. e5 Bg7 7. Bd3 c5 8. c3 Nbc6 9. Nf1 cxd4 10. cxd4 Qb6 11. Ne3 Bd7 12. Nc2 Nb4 13. Nxb4 Qxb4+ 14. Bd2 Qb6 15. a4 Qxb2 16. O-O Qb6 17. a5 Qd8 18. Qb1 Bc6 19. a6 Rb8 20. Qc1 Qd7 21. Bb4 O-O 22. Nh2 Rfc8 23. Bd6 Ra8 24. Ng4 Nf5 25. Qf4 Nxd6 26. exd6 f5 27. Nxh6+ Kh7 28. Ng4 fxg4 29. Qxg4 Qf7 30. Rae1 bxa6 31. Rxe6 Kh8 32. Bxg6 1-0

[Event "35th European Club Cup 2019"]
[Site "Ulcinj"]
[Date "2019.11.15"]
[Round "6.10"]
[White "Georgiadis, Ioannis"]
[Black "Pobor, Milo"]
[Result "1-0"]
[ECO "A05"]
[WhiteElo "2491"]
[BlackElo "2064"]
[Annotator "ChessBase"]
[PlyCount "73"]
[EventDate "2019.11.10"]
[EventType "team-tourn"]
[EventCountry "MNE"]
[SourceTitle "playchess.com"]
[Source "ChessBase"]
[SourceQuality "1"]
[WhiteTeam "Riehen SG"]
[BlackTeam "Crnogorac"]
[TimeControl "40/5400+30:1800+30"]

1. Nf3 Nf6 2. b3 d6 3. Bb2 e5 4. c4 g6 5. g3 Bg7 6. Bg2 O-O 7. O-O Nc6 8. Nc3 Nh5 9. e3 f5 10. Ne1 f4 11. Nd5 fxg3 12. hxg3 Be6 13. d4 Qd7 14. dxe5 Nxe5 15. Qd2 Bh3 16. Nf4 Bxg2 17. Kxg2 Qg4 18. Nxh5 Qxh5 19. Bxe5 Qxe5 20. Rd1 a5 21. Nd3 Qf6 22. Nf4 Kh8 23. Qd5 Ra7 24. a4 Qf5 25. Ne6 Qxd5+ 26. cxd5 Rf7 27. Rc1 b6 28. Rc2 Re7 29. Rfc1 Rxe6 30. dxe6 c5 31. Rd1 Bf8 32. Kf3 Kg7 33. Ke4 Rb7 34. Kd5 Rc7 35. g4 Kf6 36. f4 h6 37. Rf1 1-0

[Event "35th European Club Cup 2019"]
[Site "Ulcinj"]
[Date "2019.11.15"]
[Round "6.10"]
[White "Petursson, Margeir"]
[Black "Miljkovic, Miroslav D"]
[Result "1-0"]
[ECO "A21"]
[WhiteElo "2464"]
[BlackElo "2496"]
[Annotator "RC"]
[PlyCount "123"]
[EventDate "2019.11.10"]
[EventType "team-tourn"]
[EventCountry "MNE"]
[SourceTitle "playchess.com"]
[Source "ChessBase"]
[SourceQuality "1"]
[WhiteTeam "Reykjavik CC"]
[BlackTeam "Sloven Ruma"]
[TimeControl "40/5400+30:1800+30"]

1. c4 e5 2. Nc3 f5 3. d4 exd4 4. Qxd4 Nc6 5. Qe3+ Nce7 6. Nf3 Nf6 7. g3 Ng4 8. Qd2 g6 9. Qd4 Rg8 10. Bg2 Bg7 11. Qd2 d6 12. O-O c6 13. Rd1 Be6 14. b3 Qd7 15. Ba3 O-O-O 16. Rac1 d5 17. h3 Nf6 18. Nb5 Ne4 19. Qf4 cxb5 20. cxb5+ Nc6 21. Nd4 g5 22. Qf3 Bxd4 23. Rxd4 Kb8 24. bxc6 bxc6 25. Qd3 Ka8 26. Qa6 Rc8 27. Bc5 Qb7 28. Qa3 Nxc5 29. Rxc5 Qe7 30. Ra4 Rc7 31. Qc1 Qd6 32. Rd4 f4 33. Bxd5 Bxd5 34. Rdxd5 Qe6 35. g4 Re8 36. Rxg5 Qxe2 37. Qxf4 Rd7 38. Rge5 Rxe5 39. Rxe5 Qd1+ 40. Kg2 a6 41. Re8+ Rd8 42. Qe4 Rxe8 43. Qxc6+ Ka7 44. Qxe8 Qd5+ 45. Kg3 Qd6+ 46. f4 Qd3+ 47. Kh4 Qd2 48. Qe4 Kb6 49. Qxh7 Qxf4 50. Qg6+ Kb7 51. Kh5 Qh2 52. Qe4+ Kb6 53. Qe3+ Kc6 54. a4 Qc2 55. h4 a5 56. Kh6 Kb7 57. g5 Qc7 58. Qe4+ Kb8 59. g6 Qd6 60. h5 Ka7 61. Kh7 Qc5 62. h6 1-0

[Event "35th European Club Cup 2019"]
[Site "Ulcinj"]
[Date "2019.11.15"]
[Round "6.11"]
[White "Laketic, Gojko"]
[Black "Johannesson, Ingvar Thor"]
[Result "1-0"]
[ECO "A46"]
[WhiteElo "2346"]
[BlackElo "2352"]
[Annotator "NA"]
[PlyCount "79"]
[EventDate "2019.11.10"]
[EventType "team-tourn"]
[EventCountry "MNE"]
[SourceTitle "playchess.com"]
[Source "ChessBase"]
[SourceQuality "1"]
[WhiteTeam "Sloven Ruma"]
[BlackTeam "Reykjavik CC"]
[TimeControl "40/5400+30:1800+30"]

1. d4 Nf6 2. Nf3 e6 3. c4 c5 4. e3 d5 5. Nc3 Nc6 6. a3 cxd4 7. exd4 dxc4 8. Bxc4 Be7 9. O-O O-O 10. Qd3 Qa5 11. Bg5 Rd8 12. b4 Qc7 13. Nb5 Qb8 14. g3 a6 15. Bf4 axb5 16. Bxb8 bxc4 17. Qxc4 Nxb8 18. b5 Nbd7 19. Qb3 Nd5 20. Rfc1 b6 21. a4 Bb7 22. Rc4 Bd6 23. Rac1 Rdc8 24. Rxc8+ Rxc8 25. Rxc8+ Bxc8 26. Nd2 Bb7 27. Nc4 Bb4 28. Ne3 N7f6 29. Nc4 Nd7 30. Ne3 Ba5 31. Nc4 g6 32. Nd6 Ba8 33. Qc4 Bb4 34. Qc8+ Nf8 35. Nc4 Bc3 36. Qxa8 Bxd4 37. Qa7 Nf6 38. a5 Ne4 39. a6 Nxf2 40. Kg2 1-0

[Event "35th European Club Cup 2019"]
[Site "Ulcinj"]
[Date "2019.11.15"]
[Round "6.11"]
[White "Buzeti, Jernej"]
[Black "Rozentalis, Eduardas"]
[Result "1/2-1/2"]
[ECO "B12"]
[WhiteElo "2211"]
[BlackElo "2547"]
[Annotator "ChessBase"]
[PlyCount "69"]
[EventDate "2019.11.10"]
[EventType "team-tourn"]
[EventCountry "MNE"]
[SourceTitle "playchess.com"]
[Source "ChessBase"]
[SourceQuality "1"]
[WhiteTeam "Maribor"]
[BlackTeam "Koge SK"]
[TimeControl "40/5400+30:1800+30"]

1. e4 c6 2. d4 d5 3. Nd2 Qc7 4. Bd3 dxe4 5. Nxe4 Bf5 6. Ng3 Bxd3 7. Qxd3 e6 8. Nf3 Nd7 9. Bd2 Ngf6 10. O-O-O O-O-O 11. Kb1 c5 12. dxc5 Bxc5 13. Qe2 h6 14. Bc3 Rhg8 15. Bd4 Kb8 16. Ne4 Nxe4 17. Qxe4 Nf6 18. Qe2 Bxd4 19. Nxd4 a6 20. Nf3 Nd5 21. g3 Nb4 22. a3 Nc6 23. Rxd8+ Rxd8 24. Rd1 Rxd1+ 25. Qxd1 g5 26. h4 f6 27. hxg5 fxg5 28. Nd4 Nxd4 29. Qxd4 e5 30. Qd5 Qe7 31. g4 e4 32. Qf5 e3 33. fxe3 Qxe3 34. Ka2 Qf4 35. Qe6 1/2-1/2

[Event "35th European Club Cup 2019"]
[Site "Ulcinj"]
[Date "2019.11.15"]
[Round "6.11"]
[White "Vujovic, Savo"]
[Black "Haag, Gregor"]
[Result "0-1"]
[ECO "B49"]
[WhiteElo "2040"]
[BlackElo "2368"]
[Annotator "NA"]
[PlyCount "125"]
[EventDate "2019.11.10"]
[EventType "team-tourn"]
[EventCountry "MNE"]
[SourceTitle "playchess.com"]
[Source "ChessBase"]
[SourceQuality "1"]
[WhiteTeam "Crnogorac"]
[BlackTeam "Riehen SG"]
[TimeControl "40/5400+30:1800+30"]

1. e4 c5 2. Nf3 e6 3. d4 cxd4 4. Nxd4 Nc6 5. Nc3 Qc7 6. Be3 a6 7. Be2 b5 8. O-O Bb7 9. f4 Bc5 10. Bf3 Qb6 11. Nce2 Nf6 12. c3 Nxd4 13. cxd4 Be7 14. Qd3 d5 15. e5 Ne4 16. Ng3 Nxg3 17. hxg3 O-O 18. g4 f6 19. Rac1 Rac8 20. g5 fxg5 21. fxg5 g6 22. Bg4 b4 23. a4 bxa3 24. bxa3 Rxc1 25. Rxc1 Bc8 26. Qb1 Qxb1 27. Rxb1 Bxa3 28. Rb6 Kf7 29. Rc6 Ke7 30. Rc7+ Bd7 31. Ra7 Rc8 32. Be2 Bc1 33. Kf2 Bxe3+ 34. Kxe3 Rc3+ 35. Kd2 Rg3 36. Bxa6 Rxg2+ 37. Kc3 Kd8 38. Kb4 Rb2+ 39. Kc5 Rc2+ 40. Kb6 Rb2+ 41. Kc5 Rc2+ 42. Kb6 Rc6+ 43. Kb7 Rc7+ 44. Kb6 Rxa7 45. Kxa7 Ba4 46. Kb6 Bc2 47. Kc6 Ke7 48. Kc7 Bf5 49. Bf1 Kf7 50. Kd7 h5 51. gxh6 g5 52. h7 Kg7 53. Ke7 Kxh7 54. Kf6 Kh6 55. Bg2 Bg4 56. Bf1 Kh5 57. Bg2 Kh4 58. Bf1 Bf5 59. Bg2 Kg4 60. Bf1 Kf4 61. Bg2 g4 62. Bh1 g3 63. Bg2 {[%emt 0:00:04] Kxe5+} 0-1

[Event "35th European Club Cup 2019"]
[Site "Ulcinj"]
[Date "2019.11.15"]
[Round "6.12"]
[White "Smith, Axel"]
[Black "Bratkovic, Sham"]
[Result "1-0"]
[ECO "D30"]
[WhiteElo "2465"]
[BlackElo "2232"]
[Annotator "ChessBase"]
[PlyCount "65"]
[EventDate "2019.11.10"]
[EventType "team-tourn"]
[EventCountry "MNE"]
[SourceTitle "playchess.com"]
[Source "ChessBase"]
[SourceQuality "1"]
[WhiteTeam "Koge SK"]
[BlackTeam "Maribor"]
[TimeControl "40/5400+30:1800+30"]

1. Nf3 d5 2. c4 c6 3. e3 Nf6 4. d4 e6 5. b3 Bb4+ 6. Nbd2 c5 7. Bb2 O-O 8. Bd3 Ne4 9. a3 Bxd2+ 10. Nxd2 f5 11. O-O Nd7 12. Nf3 b6 13. cxd5 exd5 14. dxc5 Ndxc5 15. Nd4 Qg5 16. b4 Ne6 17. f4 Qf6 18. Rc1 Bb7 19. Bxe4 dxe4 20. Qb3 Rae8 21. Nb5 Qg6 22. Rc7 Rf7 23. Rxf7 Qxf7 24. Nd6 Qd7 25. Nxe8 Qxe8 26. Rd1 Kh8 27. Rd6 Bc8 28. Qc3 Qf8 29. Rd5 h6 30. Qe5 Qg8 31. h3 Nf8 32. Rd8 Ba6 33. Qd6 1-0

[Event "35th European Club Cup 2019"]
[Site "Ulcinj"]
[Date "2019.11.15"]
[Round "6.12"]
[White "Wirthensohn, Heinz"]
[Black "Djurovic, Peko"]
[Result "1-0"]
[ECO "A06"]
[WhiteElo "2313"]
[BlackElo "1943"]
[Annotator "NA"]
[PlyCount "127"]
[EventDate "2019.11.10"]
[EventType "team-tourn"]
[EventCountry "MNE"]
[SourceTitle "playchess.com"]
[Source "ChessBase"]
[SourceQuality "1"]
[WhiteTeam "Riehen SG"]
[BlackTeam "Crnogorac"]
[TimeControl "40/5400+30:1800+30"]

1. Nf3 d5 2. e3 Nf6 3. c4 e6 4. b3 Nbd7 5. Bb2 Be7 6. d4 O-O 7. Bd3 b6 8. O-O Bb7 9. Nc3 Ne4 10. Qc2 f5 11. Ne2 g5 12. cxd5 exd5 13. Ne5 c5 14. f3 Rc8 15. Qd1 c4 16. bxc4 Nxe5 17. dxe5 dxc4 18. Bxe4 Qxd1 19. Raxd1 fxe4 20. Rd7 exf3 21. gxf3 Bxf3 22. Nd4 Bc5 23. Rxf3 Rxf3 24. Nxf3 Bxe3+ 25. Kf1 c3 26. Ba3 c2 27. e6 Bf4 28. Nd4 c1=Q+ 29. Bxc1 Rxc1+ 30. Kg2 Re1 31. Rd8+ Kg7 32. e7 Rxe7 33. Nf5+ Kf7 34. Nxe7 Kxe7 35. Ra8 a5 36. Ra6 Bc7 37. Ra8 Kd6 38. Rh8 Kc5 39. Rxh7 Bd8 40. Rd7 Bf6 41. Kf3 Be5 42. h3 b5 43. Ke4 Bf6 44. Kf5 Bc3 45. Kxg5 b4 46. Kf4 a4 47. Ke4 b3 48. axb3 axb3 49. Kd3 Be5 50. Rb7 b2 51. h4 Kd6 52. h5 Ke6 53. Ke4 Bc3 54. Rb6+ Kf7 55. Kf5 Kg7 56. h6+ Kh7 57. Kg5 Kg8 58. Rb7 Kh8 59. Kg6 Be5 60. h7 b1=Q+ 61. Rxb1 Bb2 62. Rd1 Bd4 63. Rd2 Be3 64. Re2 1-0

[Event "35th European Club Cup 2019"]
[Site "Ulcinj"]
[Date "2019.11.15"]
[Round "6.12"]
[White "Salama, Omar"]
[Black "Kosanovic, Goran A"]
[Result "0-1"]
[ECO "D05"]
[WhiteElo "2193"]
[BlackElo "2313"]
[Annotator "NA"]
[PlyCount "66"]
[EventDate "2019.11.10"]
[EventType "team-tourn"]
[EventCountry "MNE"]
[SourceTitle "playchess.com"]
[Source "ChessBase"]
[SourceQuality "1"]
[WhiteTeam "Reykjavik CC"]
[BlackTeam "Sloven Ruma"]
[TimeControl "40/5400+30:1800+30"]

1. d4 Nf6 2. Nf3 c5 3. e3 e6 4. Bd3 d5 5. b3 Nc6 6. O-O Be7 7. Bb2 cxd4 8. exd4 O-O 9. a3 b6 10. Nbd2 a5 11. Ne5 Nxe5 12. dxe5 Nd7 13. f4 Nc5 14. Be2 Ba6 15. Bxa6 Rxa6 16. Qe2 Ra7 17. Rad1 Qc8 18. Rf3 Rc7 19. Bd4 Rd8 20. a4 Ne4 21. Nxe4 dxe4 22. Qxe4 Rxc2 23. Rfd3 Rc1 24. Kf1 Qc2 25. Rxc1 Qxc1+ 26. Ke2 Qc2+ 27. Ke3 Ba3 28. Rc3 Qd1 29. Rd3 Qf1 30. Bc3 Bc5+ 31. Bd4 Qg1+ 32. Kf3 Rxd4 33. Rxd4 Qxd4 0-1

[Event "35th European Club Cup 2019"]
[Site "Ulcinj"]
[Date "2019.11.15"]
[Round "6.13"]
[White "Laurusas, Tomas"]
[Black "Abergel, Thal"]
[Result "1/2-1/2"]
[ECO "D31"]
[WhiteElo "2499"]
[BlackElo "2469"]
[Annotator "ChessBase"]
[PlyCount "88"]
[EventDate "2019.11.10"]
[EventType "team-tourn"]
[EventCountry "MNE"]
[SourceTitle "playchess.com"]
[Source "ChessBase"]
[SourceQuality "1"]
[WhiteTeam "MRU-ROSK Consulting"]
[BlackTeam "Viernheim"]
[TimeControl "40/5400+30:1800+30"]

1. d4 d5 2. c4 e6 3. Nc3 a6 4. cxd5 exd5 5. Nf3 h6 6. Bf4 Nf6 7. e3 Bd6 8. Bg3 Qe7 9. Bd3 Nbd7 10. O-O Bxg3 11. hxg3 c6 12. Qc2 O-O 13. Rab1 Re8 14. Nd2 Ng4 15. Rfe1 Qg5 16. Nf3 Qh5 17. Ne2 g5 18. Nc3 Ndf6 19. b4 Be6 20. a4 Re7 21. e4 dxe4 22. Nxe4 Nxe4 23. Rxe4 Rae8 24. Rbe1 Kg7 25. Bc4 Qg6 26. Qb2 Kf8 27. Bxe6 Rxe6 28. Ne5 Nxe5 29. dxe5 Rd8 30. Rd4 Ree8 31. Red1 Rd5 32. Rxd5 cxd5 33. Qd4 Qc2 34. f4 Qxa4 35. Qc5+ Kg7 36. Rxd5 Qa1+ 37. Kh2 gxf4 38. gxf4 Qe1 39. Kh3 Qh1+ 40. Kg3 Kh8 41. Kf3 Rg8 42. Rd2 Qh5+ 43. Ke3 Qh1 44. Kf3 Qh5+ 1/2-1/2

[Event "35th European Club Cup 2019"]
[Site "Ulcinj"]
[Date "2019.11.15"]
[Round "6.13"]
[White "Cernousek, Lukas"]
[Black "Goldsztejn, Gildas"]
[Result "0-1"]
[ECO "C07"]
[WhiteElo "2461"]
[BlackElo "2426"]
[Annotator "ChessBase"]
[PlyCount "104"]
[EventDate "2019.11.10"]
[EventType "team-tourn"]
[EventCountry "MNE"]
[SourceTitle "playchess.com"]
[Source "ChessBase"]
[SourceQuality "1"]
[WhiteTeam "Unichess"]
[BlackTeam "Asnieres"]
[TimeControl "40/5400+30:1800+30"]

1. e4 e6 2. d4 d5 3. Nd2 c5 4. Ngf3 cxd4 5. Nxd4 Nf6 6. exd5 Qxd5 7. Nb5 Na6 8. Nc3 Qd8 9. Qf3 Nb4 10. Qd1 Be7 11. Be2 O-O 12. O-O e5 13. a3 Nc6 14. Nde4 Nxe4 15. Nxe4 Be6 16. Be3 Nd4 17. Bxd4 exd4 18. Bd3 Qb6 19. b3 Rad8 20. Qd2 Bd5 21. Rfe1 Rfe8 22. Re2 Bc6 23. Qf4 Qa5 24. a4 Qh5 25. Rae1 Qh4 26. Qd2 g6 27. Qa5 a6 28. Bc4 Qf4 29. Qb6 Kg7 30. Bxa6 bxa6 31. Qxc6 Bb4 32. Rd1 d3 33. cxd3 Re6 34. Qc4 a5 35. Ng3 Rd4 36. Qc8 Red6 37. Re3 Qg5 38. Qc2 Qd5 39. h3 Rc6 40. Qb2 Bc3 41. Qa2 Rb4 42. Ne2 Be5 43. d4 Bc7 44. Rdd3 h5 45. h4 Rf6 46. Qd2 Rbb6 47. Qc2 Bb8 48. Qc5 Qd8 49. Qe7 Qc8 50. Rc3 Qf5 51. Rf3 Rfe6 52. Qd8 Qb1+ 0-1

[Event "35th European Club Cup 2019"]
[Site "Ulcinj"]
[Date "2019.11.15"]
[Round "6.14"]
[White "Gozzoli, Yannick"]
[Black "Simek, Petr"]
[Result "1-0"]
[ECO "D35"]
[WhiteElo "2600"]
[BlackElo "2307"]
[Annotator "ChessBase"]
[PlyCount "45"]
[EventDate "2019.11.10"]
[EventType "team-tourn"]
[EventCountry "MNE"]
[SourceTitle "playchess.com"]
[Source "ChessBase"]
[SourceQuality "1"]
[WhiteTeam "Asnieres"]
[BlackTeam "Unichess"]
[TimeControl "40/5400+30:1800+30"]

1. Nf3 d5 2. d4 Nf6 3. c4 e6 4. Nc3 Nbd7 5. cxd5 exd5 6. Bf4 c6 7. e3 Be7 8. Bd3 Nh5 9. Be5 Nxe5 10. Nxe5 g6 11. Qc2 Ng7 12. O-O-O Bf5 13. e4 dxe4 14. Bc4 O-O 15. Nxe4 Qb6 16. g4 Bg5+ 17. Kb1 Bxe4 18. Qxe4 Rad8 19. h4 Bf6 20. h5 Bxe5 21. Qxe5 Qb4 22. hxg6 Qxc4 23. Rxh7 1-0

[Event "35th European Club Cup 2019"]
[Site "Ulcinj"]
[Date "2019.11.15"]
[Round "6.14"]
[White "Tarlev, Konstantin"]
[Black "Krivonosov, Oleg"]
[Result "1-0"]
[ECO "C45"]
[WhiteElo "2564"]
[BlackElo "2404"]
[Annotator "ChessBase"]
[PlyCount "67"]
[EventDate "2019.11.10"]
[EventType "team-tourn"]
[EventCountry "MNE"]
[SourceTitle "playchess.com"]
[Source "ChessBase"]
[SourceQuality "1"]
[WhiteTeam "Viernheim"]
[BlackTeam "MRU-ROSK Consulting"]
[TimeControl "40/5400+30:1800+30"]

1. e4 e5 2. Nf3 Nc6 3. d4 exd4 4. Nxd4 Bc5 5. Nb3 Bb6 6. Nc3 Nf6 7. Qe2 d6 8. Be3 Be6 9. g3 Qe7 10. Bg2 O-O-O 11. O-O-O Kb8 12. h3 Rhe8 13. Bxb6 axb6 14. f4 Bxb3 15. axb3 d5 16. e5 d4 17. Nb5 Qc5 18. Qc4 Nd5 19. Nxd4 Qxc4 20. bxc4 Nxd4 21. Rxd4 Ne3 22. Rxd8+ Rxd8 23. Be4 h5 24. Bd3 g6 25. Re1 Nf5 26. e6 fxe6 27. Rxe6 Rg8 28. Kd2 c6 29. g4 hxg4 30. hxg4 Nh4 31. Ke3 Kc8 32. Kf2 Kd7 33. Re5 Rh8 34. Kg3 1-0